 Dungeon Crawl Stone Soup version 0.27.0-1-g7a089689b8 (webtiles) character file.

Game seed: 5982970063361844404

25 Alakanar the Insei (level 2, -4/22 HPs)
             Began as a Demigod Transmuter on Aug 6, 2021.
             Slain by a scorpion (7 damage)
             ... on level 2 of the Dungeon.
             The game lasted 00:03:39 (1049 turns).

Alakanar the Insei (Demigod Transmuter)             Turns: 1049, Time: 00:03:40

Health: -4/22      AC:  2    Str: 11    XL:     2   Next: 66%
Magic:  7/7        EV: 12    Int: 15    God:
Gold:   100        SH:  0    Dex: 14    Spells: 4/5 levels left

rFire    . . .     SeeInvis .     - Unarmed
rCold    . . .     Faith    .   (no shield)
rNeg     . . .     Spirit   .   a - +0 robe
rPois    .         Reflect  .   (no helmet)
rElec    .         Harm     .   (no cloak)
rCorr    .         Rampage  .   (no gloves)
Will     .....                  (no boots)
Stlth    +.........             (no amulet)
HPRegen  0.07/turn              (no ring)
MPRegen  0.10/turn              (no ring)

@: lethally poisoned (-4 -> -14)
A: high mp 1, forlorn
a: no special abilities


You were on level 2 of the Dungeon.
You visited 1 branch of the dungeon, and saw 2 of its levels.

You collected 100 gold pieces.

Inventory:

Armour
 a - a +0 robe (worn)
Scrolls
 b - a scroll of identify {unknown}
 c - a scroll of blinking {unknown}
 d - a scroll of vulnerability {unknown}


   Skills:
 + Level 0.8 Fighting
 + Level 1.9 Dodging
 + Level 0.4 Stealth
 + Level 3.1 Unarmed Combat
 + Level 2.2 Spellcasting
 + Level 2.0 Transmutations


You had 4 spell levels left.
You knew the following spells:

 Your Spells              Type           Power      Damage    Failure   Level
a - Beastly Appendage     Tmut           14%        N/A       10%         1

Your spell library contained the following spells:

 Spells                   Type           Power      Damage    Failure   Level
 Wereblood                Tmut           7%         N/A       14%         2
 Spider Form              Tmut/Pois      2%         N/A       41%         3
 Ice Form                 Ice/Tmut       4%         N/A       82%         4


Dungeon Overview and Level Annotations

Branches:
Dungeon (2/15)


Innate Abilities, Weirdness & Mutations

Your attributes grow dramatically as you level up.
You have an increased reservoir of magic. (+10% MP)
You shall have no god before yourself.


Message History

You hit the frilled lizard.
You kill the frilled lizard!
No target in view!
A hobgoblin comes into view.
The hobgoblin shouts!
You hit the hobgoblin.
The hobgoblin is heavily wounded.
The hobgoblin hits you.
You closely miss the hobgoblin.
The hobgoblin is heavily wounded.
The hobgoblin barely misses you.
You closely miss the hobgoblin.
The hobgoblin is heavily wounded.
The hobgoblin closely misses you.
You barely miss the hobgoblin.
The hobgoblin is moderately wounded.
The hobgoblin barely misses you.
You hit the hobgoblin.
You kill the hobgoblin!
You see here a hobgoblin corpse.
Found a stone staircase leading down.
You open the door.
There is an open door here.
You open the door.
A scorpion comes into view.
There is an open door here.
The scorpion stings you.
You barely miss the scorpion. The scorpion stings you.
You closely miss the scorpion. The scorpion misses you.
You closely miss the scorpion. The scorpion barely misses you.
You barely miss the scorpion. The scorpion stings you. The scorpion misses you.
You barely miss the scorpion. The scorpion stings you.
* * * LOW HITPOINT WARNING * * *
You are lethally poisoned!
The scorpion poisons you!
You hit the scorpion but do no damage.
* * * LOW HITPOINT WARNING * * *
You feel very sick. The scorpion stings you!
You die...

#.........# #
#####.###.###.#
#.......#.# ##+#
#####.†...# ##...##
###.### ##.....## #.#
##.......## ###.#
#.........####...##.#
+.........'@s.....#.#
#.........####...##.#
##.......## ###.#
##.....## #.# ##...##
##.# ##'## #..# #.#
#.## #.# #.# ##.##
#.#


You could see a scorpion.

Vanquished Creatures
  A giant cockroach (D:1)
  A goblin (D:1)
  3 hobgoblins
  8 jackals (D:1)
  4 ball pythons (D:1)
  2 bats (D:1)
  2 frilled lizards
  A kobold (D:1)
  A rat (D:1)
23 creatures vanquished.

Notes
Turn   | Place    | Note
-------+----------+-------------------------------------------
     0 | D:1      | Alakanar the Demigod Transmuter began the quest for the
                  | Orb.
     0 | D:1      | Reached XP level 1. HP: 15/15 MP: 5/5
   402 | D:1      | Reached XP level 2. HP: 22/22 MP: 7/7
   488 | D:1      | Reached skill level 3 in Unarmed Combat
  1041 | D:2      | Noticed a scorpion
  1049 | D:2      | Slain by a scorpion

Illustrated notes

Levels and vault maps discovered:
D:1:      lightli_arrival_statue_moat, layout_loops_ring,
          wad_floor_pattern_untrapped
D:2:      minmay_spotlight, layout_loops_corners

Skill      XL: |  1  2 |
---------------+-------+-----
Spellcasting   | 2 |  2.2
Transmutations | 2 |  2.0
Unarmed Combat | 3 |  3.1
Fighting       | |  0.8
Dodging        | |  1.9
Stealth        | |  0.4

Action                   || total
-------------------------++-------
Melee: Unarmed           ||    89
       Kick              ||     4
       Headbutt          ||     3
 Cast: Beastly Appendage ||     2
Armor: Robe              ||    16
Dodge: Dodged            ||    68
